Cogmind - Beta 13 @@@ ROGUE MODE // 2024.04.28 @ 01:35:23 Player: girlfagyuri Result: Destroyed by G-34 Mercenary with Small Laser Performance ------------- Evolutions (1) 500 Regions Visited (3) 600 Robots Destroyed (24) 120 Value Destroyed (603) 603 Prototype IDs (2) 40 Alien Tech Used (0) 0 Bonus (-1203) -1203 TOTAL SCORE: 660 Bonus ------- Follower Combat Kills 33 Friendly Fire -1236 Cogmind --------- Core Integrity 0/400 Matter 173/500 Energy 91/100 System Corruption 0% Temperature Cool (6) Movement Core (500) Ox9 Location -9/Materials Parts ------- > --- POWER (1) -------- (None) > --- PROPULSION (3) --- (None) > --- UTILITY (3) ------ Large Storage Unit High-capacity Matter Pod > --- WEAPON (2) ------- Small Laser Heavy Hammer > --- INVENTORY (15) --- Light Treads Wheel Compact Wheel Heat Sink Weight Redist. System Sensor Array Hammer Flail Blade Trap Blade Trap Blade Trap Peak State ------------ > --- POWER ------------ Ion Engine > --- PROPULSION ------- Light Treads Wheel Compact Wheel > --- UTILITY ---------- Huge Storage Unit Sensor Array Thief Drone Bay > --- WEAPON ----------- Grenade Launcher Rocket Launcher > --- INVENTORY -------- Heat Sink High-capacity Matter Pod Small Laser Light Assault Rifle Mining Laser Mining Laser Hammer Blade Trap Blade Trap Blade Trap [Rating: 17] Favorites ----------- Power Ion Engine Engine Ion Engine Propulsion Wheel Treads Light Treads Leg Aluminum Leg Wheel Wheel Hover Unit Hover Unit Utility Thief Drone Bay Device Thief Drone Bay Storage Medium Storage Unit Processor Visual Processing Unit Weapon Small Laser Energy Gun Small Laser Ballistic Gun Assault Rifle Launcher Grenade Launcher Special Weapon Mining Laser Impact Weapon Heavy Hammer Build | -11 -10 -10 -9 ------- Run | Yrd Mat Min Mat Slots Evolved 2 | . . . 2 Power . | . . . . Propulsion 1 | . . . 1 Utility 1 | . . . 1 Weapon . | . . . . Parts Attached 51 | 5 18 9 19 Power 5 | 1 3 . 1 Engine 5 | 1 3 . 1 Core . | . . . . Reactor . | . . . . Propulsion 14 | 2 5 3 4 Treads 4 | . . . 4 Leg 2 | 2 . . . Wheel 6 | . 3 3 . Hover 2 | . 2 . . Flight . | . . . . Utility 10 | . 5 2 3 Device 2 | . . 1 1 Storage 7 | . 4 1 2 Processor 1 | . 1 . . Hackware . | . . . . Protection . | . . . . Artifact . | . . . . Weapon 22 | 2 5 4 11 Energy Gun 5 | 1 3 . 1 Energy Cannon . | . . . . Ballistic Gun 5 | 1 2 . 2 Ballistic Cannon . | . . . . Launcher 3 | . . 2 1 Special Weapon 6 | . . 2 4 Impact Weapon 3 | . . . 3 Slashing Weapon . | . . . . Piercing Weapon . | . . . . Special Melee Weapon . | . . . . Unidentified Prototypes 2 | . . 1 1 Parts Lost 12 | . 2 . 10 Power 2 | . . . 2 Propulsion 1 | . . . 1 Utility 1 | . . . 1 Weapon 8 | . 2 . 6 Highest Loss Streak 6 | . 2 . 6 To Critical Strikes . | . . . . Average Slot Usage (%) 86 | . 89 96 69 Engine 12 | . 14 14 6 Treads 3 | . . . 11 Wheel 13 | . 10 22 5 Hover 3 | . 7 2 . Device 7 | . . 12 13 Storage 15 | . 15 14 17 Processor 5 | . 11 1 . Energy Gun 8 | . 15 7 . Ballistic Gun 5 | . 12 . 1 Launcher 3 | . . 6 3 Special Weapon 5 | . . 13 1 Impact Weapon 2 | . . . 7 Naked Turns . | . . . . Heaviest Build 97 | 6 19 96 97 Greatest Support 40 | 20 20 26 40 Greatest Overweight (x) 13 | . 2 3 13 Average Overweight (x) 1 | . . 2 1 Largest Inventory Capacity 25 | 5 10 25 25 Average Capacity 14 | 5 8 18 17 Most Carried 15 | 5 10 11 15 Average Carried 9 | 3 7 9 12 Final Capacity 25 | 5 10 25 15 Final Carried 11 | 2 9 11 11 Class Distribution -------------------- 92% | Mutant 7% | Scavenger-Mutant Dominant Class ---------------- Mutant | -10/Materials Mutant | -10/Mines Mutant | -9/Materials Resources | -11 -10 -10 -9 ----------- Run | Yrd Mat Min Mat Matter Collected 879 | 256 415 81 127 Remotely . | . . . . Salvage Created 741 | 46 335 54 306 Parts 39 | 1 17 3 18 Haulers Intercepted . | . . . . Recyclers Shooed 1 | . . . 1 Parts Field Recycled . | . . . . Retrieved Matter . | . . . . Parts Self-Destructed . | . . . . Prevented . | . . . . Kills | -11 -10 -10 -9 ------- Run | Yrd Mat Min Mat Combat Hostiles Destroyed 16 | 1 7 2 6 Guns 14 | 1 7 2 4 AOE 1 | . . . 1 Classes Destroyed 7 | 1 2 1 3 Worker 1 | . 1 . . Recycler 1 | . . . 1 Drone 2 | . . . 2 Watcher 2 | . 1 . 1 Swarmer 2 | . . 2 . Grunt 15 | 1 7 1 6 Sentry 2 | . . . 2 Thug 1 | . . . 1 Best Kill Streak 4 | 1 2 1 4 Combat Bots Only 4 | 1 2 1 4 Max Kills in Single Turn 2 | 1 2 1 2 Gunslinging . | . . . . Exploded 1 | . . . 1 Melee . | . . . . Uniques/NPCs Destroyed . | . . . . Combat | -11 -10 -10 -9 -------- Run | Yrd Mat Min Mat Hostile Shots Fired 222 | 2 59 2 159 Missed 61 | . 14 . 47 Damage Taken 2055 | 22 540 14 1479 Core 579 | 12 157 7 403 Absorbed by Shields . | . . . . Core Remaining (%) 62 | 95 . 29 . Volleys Fired 99 | 2 43 14 40 Largest 2 | 2 2 2 2 Hottest 140 | 60 80 140 63 Shots Fired 148 | 4 82 17 45 Gun 128 | 4 82 14 28 Cannon . | . . . . Launcher 18 | . . 1 17 Special 2 | . . 2 . Kinetic 64 | 2 42 . 20 Thermal 66 | 2 40 16 8 Explosive 18 | . . 1 17 Electromagnetic . | . . . . Robot Hit Streak 11 | 2 7 2 11 Robot Miss Streak 4 | 2 4 1 2 Penetration Max . | . . . . Secondary Targets . | . . . . Shots Hit Robots 77 | 2 43 2 30 Core Hits 53 | 2 19 9 23 Critical Kills . | . . . . Critical Parts Destroyed 1 | . . . 1 Critical Strikes 1 | . . . 1 Smash 1 | . . . 1 Melee Attacks 7 | . . . 7 Impact 7 | . . . 7 Slashing . | . . . . Piercing . | . . . . Sneak Attacks . | . . . . Combat Hostiles . | . . . . Follow-up Attacks . | . . . . Damage Inflicted 1857 | 21 481 207 1148 Guns 720 | 21 481 23 195 Cannons . | . . . . Explosions 930 | . . 184 746 Melee 207 | . . . 207 Ramming . | . . . . Kinetic 423 | 10 259 . 154 Thermal 297 | 11 222 23 41 Explosive 930 | . . 184 746 Electromagnetic . | . . . . Impact 207 | . . . 207 Slashing . | . . . . Piercing . | . . . . Highest Corruption 1 | . 1 1 . Average Corruption 1 | . 1 1 . Corruption Purged . | . . . . Corruption Blocked . | . . . . Effects 13 | . 6 7 . Message Errors 2 | . . 2 . Matter Fused 2 | . 1 1 . Heat Flow Errors 2 | . 1 1 . Energy Discharges 3 | . 2 1 . Parts Rejected 1 | . 1 . . Data Loss (minor) 2 | . 1 1 . Misfires 1 | . . 1 . Overload Shots . | . . . . Overflow Damage 123 | . . . 123 Projectiles . | . . . . Explosions 92 | . . . 92 Melee 31 | . . . 31 Knockbacks . | . . . . Impact . | . . . . Kinetic . | . . . . Secondary . | . . . . Self-Inflicted Damage 202 | . . . 202 Shots 5 | . . . 5 Rammed . | . . . . Targets Rammed . | . . . . Kicked . | . . . . Crushed . | . . . . Highest Temperature 258 | 2 226 258 8 Average Temperature 45 | 1 43 71 4 Received Heat Transfer 978 | 12 282 . 684 Siege Activations . | . . . . Robots Corrupted . | . . . . Combat Hostiles . | . . . . Parts Fried 1 | . . . 1 Impact Corruptions 2 | . . . 2 Robots Melted . | . . . . Combat Hostiles . | . . . . Parts Melted 1 | . . . 1 Heat Transferred 675 | 25 500 50 100 Parts Sabotaged . | . . . . Parts Stolen . | . . . . Parts Stripped . | . . . . Power Chain Reactions . | . . . . Alert | -11 -10 -10 -9 ------- Run | Yrd Mat Min Mat Peak Influence 260 | 20 131 112 260 Initial 51 | . 13 51 2 Average 79 | 5 39 56 177 Maximum Alert Level 1 | . . . 1 Low Security (%) 84 | 100 100 100 39 Level 1 15 | . . . 60 Level 2 . | . . . . Level 3 . | . . . . Level 4 . | . . . . Level 5 . | . . . . High Security . | . . . . Max Security . | . . . . Squads Dispatched 5 | . 2 . 3 Investigation 3 | . 1 . 2 Extermination . | . . . . Reinforcement 2 | . 1 . 1 Assault . | . . . . Garrison . | . . . . Intercept . | . . . . Searches Triggered . | . . . . Construction Impeded . | . . . . Haulers Reinforced . | . . . . Active Scanning Responses . | . . . . Cargo Convoy Interrupts . | . . . . Stealth | -11 -10 -10 -9 --------- Run | Yrd Mat Min Mat Distress Signals 1 | . . . 1 Communications Jammed . | . . . . Distress Signals . | . . . . Times Spotted 26 | 1 12 2 11 Peak Tracking Total 6 | 1 2 2 6 Tactical Retreats 1 | . . 1 . Traps | -11 -10 -10 -9 ------- Run | Yrd Mat Min Mat Traps Triggered 2 | . 1 . 1 Indirectly . | . . . . Trap Hack Attempts . | . . . . Triggered . | . . . . Disarmed . | . . . . Reprogrammed . | . . . . Reused . | . . . . Traps Extracted . | . . . . Installed . | . . . . Triggered . | . . . . Most Traps Carried 3 | . . 3 3 Machines | -11 -10 -10 -9 ---------- Run | Yrd Mat Min Mat Machines Disabled 2 | . . . 2 Max in Single Turn 1 | . . . 1 Machines Repaired . | . . . . Machines Dismantled . | . . . . Machines Sabotaged . | . . . . Overloaded Fab Kills . | . . . . Hacking | -11 -10 -10 -9 --------- Run | Yrd Mat Min Mat Machines Accessed 5 | . 2 1 2 Terminals 4 | . 2 . 2 Fabricators . | . . . . Repair Stations . | . . . . Recycling Units . | . . . . Scanalyzers . | . . . . Garrison Access . | . . . . Total Hacks 20 | . 9 1 10 Successful 14 | . 6 1 7 Failed 6 | . 3 . 3 Catastrophic . | . . . . Database Lockouts . | . . . . Manual . | . . . . Terminals 19 | . 9 . 10 Fabricators . | . . . . Repair Stations . | . . . . Recycling Units . | . . . . Scanalyzers . | . . . . Garrison Access . | . . . . Terminal Hacks 14 | . 6 1 7 Record 12 | . 5 . 7 Open Door 1 | . . 1 . Alert Level 1 | . 1 . . Fabricator Hacks . | . . . . Repair Station Hacks . | . . . . Recycling Unit Hacks . | . . . . Scanalyzer . | . . . . Garrison Access Hacks . | . . . . Unauthorized Hacks . | . . . . Terminals . | . . . . Fabricators . | . . . . Repair Stations . | . . . . Recycling Units . | . . . . Scanalyzers . | . . . . Garrison Access . | . . . . Data Cores Recovered . | . . . . Used . | . . . . Hacking Detections 3 | . 1 . 2 Full Trace Events 3 | . 1 . 2 Feedback Events . | . . . . Feedback Blocked . | . . . . Robot Schematics Acquired . | . . . . Robots Built . | . . . . Authchips . | . . . . Time . | . . . . Total Robot Build Rating . | . . . . Part Schematics Acquired . | . . . . Parts Built . | . . . . Authchips . | . . . . Time . | . . . . Total Part Build Rating . | . . . . Parts Repaired . | . . . . Time . | . . . . Parts Recycled . | . . . . Recycled Matter . | . . . . Retrieved Matter . | . . . . Retrieved Components . | . . . . Parts Scanalyzed . | . . . . Part Schematics Acquired . | . . . . Parts Damaged . | . . . . Bothacking | -11 -10 -10 -9 ------------ Run | Yrd Mat Min Mat Used RIF Installer . | . . . . Robots Hacked . | . . . . Non-combat . | . . . . Combat . | . . . . Robot Hacks Applied . | . . . . Relay Couplers Released . | . . . . Fabnet Peak Effective % . | . . . . Robots Rewired . | . . . . Allies Hacked . | . . . . Hacks Repelled . | . . . . Allies | -11 -10 -10 -9 -------- Run | Yrd Mat Min Mat Total Allies 5 | . . 5 . Largest Group 5 | . . 5 3 Highest-Rated Group 88 | . . 88 63 Highest-Rated Ally 31 | . . 31 31 Total Orders . | . . . . Ally Attacks 26 | . . 9 17 Total Damage 203 | . . 28 175 Kills 1 | . . . 1 Allies Corrupted . | . . . . Allies Melted . | . . . . Intel | -11 -10 -10 -9 ------- Run | Yrd Mat Min Mat Robot Analysis Total . | . . . . Derelict Logs Recovered 2 | . . 2 . Drone Launches 5 | . . 5 . Drone Recoveries 3 | . . 2 1 Exploration | -11 -10 -10 -9 ------------- Run | Yrd Mat Min Mat Turns Passed 1962 | 66 751 635 510 Spaces Moved 1118 | 85 445 419 169 Core 76 | 75 . . 1 Treads 116 | . . . 116 Legs 34 | 10 24 . . Wheels 649 | . 234 363 52 Hover 243 | . 187 56 . Flight . | . . . . Fastest Speed 50 | 50 80 90 135 Average Speed 131 | 58 124 132 184 Slowest Speed 700 | 120 180 240 700 Overloaded Moves . | . . . . Propulsion Burnouts . | . . . . Robots Hopped . | . . . . Cave-ins Triggered . | . . . . Exploration Rate (%) 40 | 7 48 88 20 Regions Visited 3 Branch Regions 1 Pre-discovered Areas . | . . . . Known Exits Taken . | . . . . Unknown Exits Taken 3 | 1 1 1 . Scrap Searched 1 | . . 1 . Spaces Dug 1 | . . 1 . Terrain Destroyed 127 | . . 11 116 Melee . | . . . . Projectile 2 | . . 2 . AOE 125 | . . 9 116 Terrain Rammed . | . . . . Walls Destroyed . | . . . . Machines Disabled . | . . . . Actions | -11 -10 -10 -9 --------- Run | Yrd Mat Min Mat Total 1459 | 96 565 484 314 Wait 114 | . 25 22 67 Move 1115 | 84 444 418 169 Hop . | . . . . Pick Up 43 | 5 19 11 8 Fast Attach 4 | 2 1 1 . Attach 33 | 3 12 6 12 Detach 14 | . 6 5 3 Swap 14 | . 5 2 7 Drop 16 | . 10 5 1 Fire 99 | 2 43 14 40 Melee 7 | . . . 7 Ram . | . . . . Kick . | . . . . Crush . | . . . . Escape Stasis . | . . . . Rewire . | . . . . Trap . | . . . . Miscellaneous . | . . . . Route ------- -11/Scrapyard -10/Materials (discovered 2 exits: *Mat / *Min) -10/Mines -9/Materials History --------- Turn | Location | Event 2 | -11/Scrapyard | Met Revision 17 43 | -11/Scrapyard | Discovered new exit (range 8) 67 | -11/Scrapyard | Entered Materials 314 | -10/Materials | Build established: Mutant 407 | -10/Materials | Discovered new exit (range 9) 542 | -10/Materials | Discovered new exit (range 6) 681 | -10/Materials | Core integrity fell below 50% 818 | -10/Materials | Entered Mines 831 | -10/Mines | Learned Materials stockpile data 855 | -10/Mines | Found the Drone Emporium 869 | -10/Mines | Found Prototype Device 876 | -10/Mines | Identified Thief Drone Bay 915 | -10/Mines | Discovered new exit (range 9) 986 | -10/Mines | Found a hidden stash of uninstalled traps 1171 | -10/Mines | Learned Materials terminal intel 1361 | -10/Mines | Received a Rocket Launcher from a helpful Derelict 1391 | -10/Mines | Assisted by bots powering up and referring to "LRC-V3" 1453 | -10/Mines | Entered Materials 1453 | -9/Materials | Accompanied by 6 allies 1453 | -9/Materials | Evolved 2 slots: Propulsion x1, Utility x1 1455 | -9/Materials | Loaded intel: 12 terminal locations 1458 | -9/Materials | Led the pair of lost Derelicts to an unsafe place 1521 | -9/Materials | Lost 3 allies 1590 | -9/Materials | Lost 3 parts (1p2w) 1914 | -9/Materials | Core integrity fell below 50% 1933 | -9/Materials | Core integrity fell below 20% 1963 | -9/Materials | Destroyed by G-34 Mercenary with Small Laser Last Messages --------------- Thief Drone Bay destroyed. Mining Laser destroyed. K-01 Serf collects debris. [Achievement: Crack Shot] Heat Sink melted. G-34 Mercenary destroyed. K-01 Serf collects debris. G-34 Mercenary destroyed. K-01 Serf collects debris. Lgt. Assault Rifle destroyed. K-01 Serf collects debris. G-34 Mercenary destroyed. K-01 Serf collects debris. Faulty Hvy. Ion Engine destroyed. K-01 Serf collects debris. [Achievement: First Step to Greatness] The achievement interface (ESC then open Records) offers an effective way to explore all of your earned achievements as well as seek out new goals for future runs. Map ----- +----------------------------------------------------+ | | | | | | | ???????????????????????????????????????? | | ?????????########??????????????????????[ | | ?????????# #??????????????????????? | | ?????????# T #??????????????????????? | | ??######## #??????????????????????? | | ??# # #??????????????????????? | | ??# # #??????????????????????? | | ??# # #??????????????????????? | | ??# ####+###??????????????????????? | | ??#^ ######?????????????????? | | ??# # #?????????????????? | | ??#"" ^ o + #?????????????????? | | ??#"T # #?????????????????? | | ??#"" # #?????????????????? | | ??# # #?????????????????? | | ??# """" # #?????????????????? | | ??# """" # #?????????????????? | | ??# """" # #?????????????????? | | ??# =%[[######?????????????????? | | ??# ==!*=#??????????????????????? | | ??###+#######[%=#??????????????????????? | | ??# #??#%*%#??????????????????????? | | ??#"" #??# k@#??????????????????????? | | ??#"T #??# #??????????????????????? | | ??#"" #??#% ##########+##??????????? | | ??# #### g #??????????? | | ??# + #??????????? | | ??###########+######### #??????????? | | ??????????? ??????# ##??????????? | | ??????????# #????# #???????????? | | ??????????# #????# #???????????? | | ??????????# #????# #???????????? | | ??????????# #????# #???????????? | | ??????????# #?#### #?????? ???? | | ??????????##########! #????? ???? | | ??????????????????#! #??? ????? | | ??????????????????#! ##? ??????? | | ?????????##########! ## ???????? | | ?????????# #! # # # #######???? | | ?????????# ! # # # #???? | | ?????????# [ # ## ! #???? | | ?????????# "" % #???? | | ?????????# """ """ #???? | | ?????????# """ "" ????? | | ?????????# """ #### ## ## """ ????? | | ?????????# """ #??# #?####?#####?????? | | ?????????# #??# #????????????????? | +----------------------------------------------------+ Best States ------------- Heat Dissipation 28 Energy Generation 10 Energy Capacity 250 Matter Stores 300 Matter Capacity 700 Sight Range 18 Robot Scan Range 14 Terrain Scan Density 10 Evasion (%) 55 Recoil Reduction 2 Item Schematics ----------------- None Robot Schematics ------------------ None Fabricated ------------ Nothing Alien Tech Used ----------------- None Achievements -------------- Backstab Collateral Damage Crack Shot First Step to Greatness Librarian Maybe Next Time I'll Detach My Launcher One Hack Too Far Risk Taker The More The Merrier Uninvited Guest Challenges ------------ None Game ------ Seed CouplerStructuralRouter Manual? 0 Play Time 00:47:24 Cumulative 0.7 hours Start 2024.04.28 @ 00:45:17 End 2024.04.28 @ 01:35:23 Sessions 1 Manual Loads 0 Difficulty Rogue Special Mode None Game No. 1 Rogue 1 Adventurer 0 Explorer 0 Win Type - Total 0 Types 0/0/0/0/0/0/0/0/0 Lore% 1 Gallery% 2 Achievement% 3 Wizard Run 0 Options --------- Layout 1 ASCII 0 Keyboard 0 Movement Mouse Keybinds 0 Fullscreen 1 Font 24/Smallcaps Map View 50x35 Zoom Use 0% Tactical HUD 0 Map Filters NONE Filters NONE Steam 1 RUN: e159e935-4713-4b7d-b79f-8f3875c2ed73